 Dungeon Crawl Stone Soup version 0.32-a0-791-gfc315c9ecd (webtiles) character file.

Game seed: 18212650935708772335

46 funkygono the Firebug (level 3, -1/19 HPs)
             Began as a Gargoyle Fire Elementalist on Mar 20, 2024.
             Killed by nerve-wracking pain
             ... invoked by Grinder
              (3 damage)
             ... while paralysed by Grinder
             ... on level 3 of the Dungeon.
             The game lasted 00:02:55 (2436 turns).

funkygono the Firebug (Gargoyle Fire Elementalist)  Turns: 2436, Time: 00:02:56

Health: -1/19      AC: 10    Str: 11    XL:     3   Next: 68%
Magic:  1/6        EV:  2    Int: 17    God:
Gold:   46         SH:  0    Dex: 10    Spells: 0/6 levels left

rFire   . . .        e - +0 club
rCold   . . .        (no shield)
rNeg    + . .        a - +0 robe
rPois   ∞            o - +0 helmet
rElec   +            (no cloak)
rCorr   .            (no gloves)
SInv    .            (no boots)
Will    .....        (no amulet)
Stlth   ++           c - +4 ring of protection
HPRegen 0.23/turn    (no ring)
MPRegen 0.10/turn

%: no passive effects
@: paralysed
A: sickness immunity, AC +3, negative energy resistance 1, electricity
resistance, torment resistance 1, petrification resistance
a: no special abilities


You were on level 3 of the Dungeon.
You visited 1 branch of the dungeon, and saw 3 of its levels.

You collected 46 gold pieces.

Inventory:

Hand Weapons
 e - a +0 club (weapon)
Armour
 a - a +0 robe (worn)
 o - a +0 helmet (worn)
Jewellery
 c - a +4 ring of protection (left hand)
 f - an amulet of faith
 g - a +5 ring of evasion
Scrolls
 d - a scroll of teleportation
 k - 2 scrolls of identify {unknown}
 p - a scroll of revelation
Potions
 b - 3 potions of magic
 h - 2 potions of haste {unknown}
 i - a potion of curing {unknown}
 j - a potion of berserk rage {unknown}
 l - a potion of might {unknown}
 m - 2 potions of degeneration {unknown}
 n - a potion of mutation {unknown}


   Skills:
 + Level 1.6 Dodging
 + Level 2.7 Stealth
 + Level 2.4 Spellcasting
 + Level 2.0 Conjurations
 + Level 3.5 Fire Magic


You couldn't memorise any spells.
You knew the following spells:

 Your Spells              Type           Power      Damage    Failure   Level
a - Foxfire               Conj/Fire      44%        2x1d6     6%          1
b - Scorch                Fire           28%        2d6       7%          2
c - Volatile Blastmotes   Fire/Tloc      16%        2d11      26%         3

Your spell library contained the following spells:

 Spells                   Type           Power      Damage    Failure   Level
 Inner Flame              Hex/Fire       8%         N/A       26%         3
 Flame Wave               Conj/Fire      11%        2d6       52%         4
 Fireball                 Conj/Fire      5%         3d5       86%         5
 Cause Fear               Hex            1%         N/A       88%         4
 Dragon's Call            Summ           1%         N/A       100%        9


Dungeon Overview and Level Annotations

Branches:
Dungeon (3/15)

Altars:
Kikubaaqudgha

Shops:
D:2 :

Annotations:
D:3 Grinder


Innate Abilities, Weirdness & Mutations

You are immune to sickness and miasma.
Your stone body is resilient. (AC +3)
You are immune to poison.
You resist negative energy. (rN+)
You are resistant to electric shocks. (rElec)
You are resistant to unholy torment.
You are immune to petrification.


Message History

Grinder is heavily wounded.
Grinder gestures at you. Pain shoots through your body!
You hit Grinder.
Grinder is heavily wounded.
Grinder is no longer more vulnerable to fire.
Grinder misses you.
Unknown command.
Grinder hits you.
* * * LOW HITPOINT WARNING * * *
Grinder gestures at you.
You suddenly lose the ability to move!
Grinder hits you but does no damage. Grinder gestures at you.
You shrug off the repeated paralysis!
Grinder hits you.
* * * LOW HITPOINT WARNING * * *
You writhe in agony.
* * * LOW HITPOINT WARNING * * *
You can move again.
Grinder attacks as she pursues you! Grinder barely misses you.
Grinder attacks as she pursues you! Grinder hits you but does no damage.
Casting: Foxfire (safe; 6% risk of failure)
Confirm with . or Enter, or press ? or * to list all spells.
You conjure some foxfire!
Grinder hits you but does no damage.
Unknown command.
The foxfire hits Grinder.
Grinder is heavily wounded.
The foxfire hits Grinder.
Grinder is heavily wounded.
Grinder attacks as she pursues you! Grinder hits you.
* * * LOW HITPOINT WARNING * * *
Grinder gestures at you.
You suddenly lose the ability to move!
Grinder gestures at you.
You barely resist. Grinder gestures at you. Pain shoots through your body!
You die...
Grinder says, "Hey, I wasn't done torturing you yet!"

#######.#####.##.#
#......#......#
#.#####.####### #........#
#..####..# #........#
###..####..#######
#....####......#.##
###.#........###@.5>######
#...#...#................#
#.####.###...###....####.#
#...#.## ##..# #.#.## #)#
###..## ##.###.#.# #.#
#...## ##>.##..#.# #.#
##.#.###.#....##.# ...
#....#.....#P...## ...
###...........P.P#.....


You could see Grinder.

Vanquished Creatures
  An adder (D:2)
  A dart slug (D:1)
  An orc (D:3)
  2 ball pythons
  3 endoplasms
  A giant cockroach (D:1)
  4 goblins
  4 hobgoblins
  6 kobolds
  A quokka (D:1)
  2 bats (D:1)
  3 frilled lizards
  3 rats
32 creatures vanquished.

Vanquished Creatures (others)
  97 foxfires
97 creatures vanquished.

Grand Total: 129 creatures vanquished

Notes
Turn   | Place    | Note
-------+----------+-------------------------------------------
     0 | D:1      | funkygono the Gargoyle Fire Elementalist began the quest
                  | for the Orb.
     0 | D:1      | Reached XP level 1. HP: 10/10 MP: 3/3
   168 | D:1      | Reached XP level 2. HP: 15/15 MP: 1/5
   227 | D:1      | Learned a level 2 spell: Scorch
   650 | D:1      | Found a faded altar of an unknown god.
  1041 | D:2      | Found Yfoi's Book Shop.
  1402 | D:2      | Reached XP level 3. HP: 19/19 MP: 2/6
  1406 | D:2      | Learned a level 3 spell: Volatile Blastmotes
  2387 | D:3      | Found an ancient bone altar of Kikubaaqudgha.
  2414 | D:3      | Noticed Grinder
  2423 | D:3      | Paralysed by Grinder for 5 turns
  2434 | D:3      | Paralysed by Grinder for 3 turns
  2436 | D:3      | Killed from afar by Grinder

Illustrated notes

Levels and vault maps discovered:
D:1:      ldierk_walled_garden_2, layout_loops_ring,
          hellmonk_ecumenical_altar_crossroads, nrook_campfire
D:2:      layout_basic, serial_shops, shop_statue
D:3:      cheibrodos_helix_gallery, layout_loops_ring,
          hellmonk_sif_muna_bookshelves, kiku_gazebo_garden_becter, uniq_grinder

Skill      XL: |  1  2  3 |
---------------+----------+-----
Conjurations   | 2 |  2.0
Dodging        | |  1.6
Stealth        | |  2.7
Spellcasting   | |  2.4
Fire Magic     | |  3.5

Action                     || total
---------------------------++-------
  Melee: Club              ||    12
   Cast: Foxfire           ||    57
         Scorch            ||     8
    Use: Scroll            ||     4
 Armour: Robe              ||    18
  Dodge: Dodged            ||    13

Table legend: (Time is in decaauts)
 A = Elapsed time spent in this place.
 B = Non-inter-level travel time spent in this place.
 C = Inter-level travel time spent in this place.
 D = Time resting spent in this place.
 E = Time spent auto-exploring this place.
 F = Levels seen in this place.
 G = Mean time per level.
                   A        B        C        D        E       F      G
               +--------+--------+--------+--------+--------+-----+--------+
         Total |   2440 |   2371 |     69 |     10 |   2093 |   3 |  813.3 |
       Dungeon |   2440 |   2371 |     69 |     10 |   2093 |   3 |  813.3 |
               +--------+--------+--------+--------+--------+-----+--------+

Top non-repeatable levels by time:
     D:2: 1210 daAuts
     D:1: 874 daAuts
     D:3: 355 daAuts
